 Dungeon Crawl Stone Soup version 0.30-a0-122-g2a1322497e (webtiles) character file.

Game seed: 7568341361567877875

66 scionoferis the Chopper (level 4, -10/40 HPs)
             Began as a Meteoran Berserker on Sept 15, 2022.
             Was a Follower of Trog.
             Engulfed by a cloud of flame (20 damage)
             ... on level 2 of the Dungeon.
             The game lasted 00:10:07 (1014 turns).

scionoferis the Chopper (Meteoran Berserker)        Turns: 1014, Time: 00:10:08

Health: -10/40     AC:  5    Str: 20    XL:     4   Next: 63%
Magic:  5/5        EV: 11    Int:  8    God:    Trog [*.....]
Gold:   72         SH:  0    Dex: 14    Spells: 3/3 levels left

rFire   . . .      SeeInvis .    a - +0 hand axe
rCold   + . .      Faith    .    (no shield)
rNeg    . . .      Spirit   .    q - +0 ring mail
rPois   .          Reflect  .    (no helmet)
rElec   .          Harm     .    h - scarf {repulsion}
rCorr   .          Rampage  .    (no gloves)
Will    ++...                    (no boots)
Stlth   +.........               (no amulet)
HPRegen 1.13/turn                r - ring of protection from cold
MPRegen 0.09/turn                (no ring)

@: strong-willed, regenerating, glowing, repel missiles
A: sense surroundings 1, otherworldly, glowing, explore regen
a: Renounce Religion, Berserk


You were on level 2 of the Dungeon.
You worshipped Trog.
Trog was aware of your devotion.
You visited 1 branch of the dungeon, and saw 3 of its levels.

You collected 72 gold pieces.

Inventory:

Hand Weapons
 a - a +0 hand axe (weapon)
 b - a +0 sling
Missiles
 s - 4 poisoned darts
Armour
 h - a scarf of repulsion (worn)
 i - a +0 leather armour
 l - an orb of light
 q - a +0 ring mail (worn)
Jewellery
 r - a ring of protection from cold (left hand)
Scrolls
 e - a scroll of amnesia {unknown}
 g - a scroll of silence {unknown}
 j - a scroll of poison {unknown}
 m - a scroll of blinking {unknown}
Potions
 c - a potion of resistance {unknown}
 d - 2 potions of curing {unknown}
 f - a potion of mutation {unknown}
 k - a potion of flight {unknown}
 n - 2 potions of degeneration {unknown}
 o - a potion of cancellation {unknown}
 p - a potion of lignification {unknown}


   Skills:
 + Level 4.0 Fighting
 * Level 5.3 Axes
 - Level 2.4 Armour
 - Level 2.4 Dodging


You had 3 spell levels left.
You didn't know any spells.
Your spell library was empty.

Dungeon Overview and Level Annotations

Branches:
Dungeon (3/15) Zot: 779

Altars:


Innate Abilities, Weirdness & Mutations

You passively map a small area around you.
You are easily found by Zot.
You glow in the dark.
You regain HP and MP as you explore.


Message History

You now have 72 gold pieces (gained 12).
You open the door.
There is an open door here.
An endoplasm comes into view.
You slash the endoplasm!
You kill the endoplasm!
Trog accepts your kill.
Things that are here:
a +0 short sword; a kobold skeleton
Found a stone staircase leading down.
Found a sedimented sapphire potion.
There is a stone staircase leading down here.
You climb downwards.
Found a stone staircase leading up.
There is a stone staircase leading up here.
You climb upwards.
There is a stone staircase leading down here.
d - 2 sedimented sapphire potions (gained 1)
Found a scroll labelled ZETEVOTEIL.
Found an arbalest, 25 gold pieces, 7 stones and a dagger.
Press: ? - help, v - describe, . - travel, g - get item Item here: a scroll labelled ZETEVOTEIL.
The floor.
There is a cloud of flame here.
Unknown command.
Found a scroll labelled REATZE ENTYB and a green potion.
Found 8 stones.
Really walk into a travel-excluded area?
Okay, then.
Really walk into a travel-excluded area?
Your skin crawls.
You feel strong-willed.
You can no longer call upon Trog for regeneration and willpower.
You are engulfed in blazing flames.
Ouch! That really hurt!
You are engulfed in blazing flames.
* * * LOW HITPOINT WARNING * * *
You are engulfed in blazing flames.
Ouch! That really hurt!
You die...

#............................<+>.
............##..# #####.###.###..
#######.###.....# ..........+.. #
#.......##### ,.#####...†#..
#####.#.###..# *.○ # #......<
....#.#.. #.## § .# ##.#.###
###.#.###.#.# §☼# #...#..
###'#.....#.######!..### *#######
.....#* * #.#.§§@.?(..§§ , .....
.....# #...§§☼$).(.§§ #### .....#
#.#.§○○..$).§. , ### .....#
###.######...### .... .....#
#....# #§§☼# #.### .....# #....#
#§§§# .. ###.## #....# #○.§# #.#
# ##'### #....#####...######
#.#.# #....# #.................#
#.#..


There were no monsters in sight!

Vanquished Creatures
  Jessica (D:2)
  An adder (D:2)
  2 endoplasms
  3 giant cockroaches
  5 goblins
  2 hobgoblins (D:1)
  2 quokkas
  A ball python (D:1)
  A bat (D:1)
  3 frilled lizards
  5 kobolds
  5 rats
31 creatures vanquished.

Notes
Turn   | Place    | Note
-------+----------+-------------------------------------------
     0 | D:1      | scionoferis the Meteoran Berserker began the quest for the
                  | Orb.
     0 | D:1      | Reached XP level 1. HP: 19/19 MP: 2/2
   105 | D:1      | Reached skill level 4 in Axes
   105 | D:1      | Reached XP level 2. HP: 26/26 MP: 3/3
   131 | D:1      | Noticed a shining eye
   133 | D:1      | Found a faded altar of an unknown god.
   138 | D:1      | Noticed an eye of devastation
   138 | D:1      | Noticed a shining eye
   138 | D:1      | Noticed a golden eye
   349 | D:1      | Reached XP level 3. HP: 31/31 MP: 4/4
   486 | D:2      | Noticed Jessica
   500 | D:2      | Killed Jessica
   501 | D:2      | Reached XP level 4. HP: 21/40 MP: 5/5
   513 | D:2      | Reached skill level 5 in Axes
   712 | D:2      | Upgraded the game from 0.30-a0-121-gb27577e5d9 to
                  | 0.30-a0-122-g2a1322497e
   846 | D:2      | Reached ** piety under Trog
  1014 | D:2      | Engulfed by a cloud of flame

Illustrated notes

Levels and vault maps discovered:
D:1:      co_arrival_random_square_maze, layout_basic,
          hellmonk_ecumenical_altar_watching_god
D:2:      layout_basic, serial_shops, shop, lemuel_flame_loot_1, uniq_jessica
D:3:      layout_loops_ring, grunt_temple_overflow_open,
          chequers_serial_rivers_large_a, uniq_terence, uniq_crazy_yiuf_cottage

Skill      XL: |  1  2  3  4 |
---------------+-------------+-----
Axes           | 4 5 |  5.3
Fighting       | 4 |  4.0
Armour         | |  2.4
Dodging        | |  2.4

Action                   |  1- 3 |  4- 6 || total
-------------------------+-------+-------++-------
Melee: Hand axe          |    54 |    45 ||    99
 Fire: Sling             |       |     5 ||     5
Invok: Trog's Hand       |       |     1 ||     1
Armor: Animal skin       |     6 |       ||     6
       Leather armour    |     5 |     3 ||     8
       Ring mail         |       |    12 ||    12
Dodge: Dodged            |    25 |    26 ||    51

Table legend: (Time is in decaauts)
 A = Elapsed time spent in this place.
 B = Non-inter-level travel time spent in this place.
 C = Inter-level travel time spent in this place.
 D = Time resting spent in this place.
 E = Time spent auto-exploring this place.
 F = Levels seen in this place.
 G = Mean time per level.
                   A        B        C        D        E       F      G
               +--------+--------+--------+--------+--------+-----+--------+
         Total |   1020 |    940 |     80 |      0 |      0 |   3 |  340.0 |
       Dungeon |   1020 |    940 |     80 |      0 |      0 |   3 |  340.0 |
               +--------+--------+--------+--------+--------+-----+--------+

Top non-repeatable levels by time:
     D:2: 539 daAuts
     D:1: 479 daAuts
     D:3: 1 daAuts
